 Dungeon Crawl Stone Soup version 0.20.1-1-g8b1a95d (webtiles) character file.

944 kaze the Chopper (level 8, -8/105 HPs)
             Began as a Hill Orc Berserker on Sept 8, 2017.
             Was a Priest of Trog.
             Mangled by a six-headed hydra (10 damage)
             ... on level 6 of the Dungeon.
             The game lasted 00:06:48 (4701 turns).

kaze the Chopper (Hill Orc Berserker)               Turns: 4701, Time: 00:06:49

Health: -8/105     AC: 17    Str: 30    XL:     8   Next: 12%
Magic:  8/8        EV: 11    Int:  7    God:    Trog [***...]
Gold:   313        SH:  0    Dex: 10    Spells: 7/7 levels left

rFire    . . .     SeeInvis .   p - +0 dire flail (protect)
rCold    . . .     Gourm    +   (shield currently unavailable)
rNeg     . . .     Faith    .   j - +0 scale mail
rPois    .         Spirit   .   (no helmet)
rElec    .         Reflect  .   (no cloak)
rCorr    .         Harm     .   (no gloves)
MR       ++...                  (no boots)
Stlth    ..........             x - amulet of the gourmand
Regen    1.3/turn               t - +3 ring of protection
MPRegen  0.2/turn               q - +3 ring of strength (curse)

@: berserking, protection aura, regenerating, very quick
A: no striking features
a: Berserk, Trog's Hand, Burn Spellbooks, Renounce Religion


You were on level 6 of the Dungeon.
You worshipped Trog.
Trog was most pleased with you.
You were near starving.

You visited 1 branch of the dungeon, and saw 6 of its levels.

You collected 313 gold pieces.

Inventory:

Hand Weapons
 a - a +0 hand axe
 p - a +0 dire flail of protection (weapon)
Armour
 j - a +0 scale mail (worn)
Jewellery
 q - a cursed +3 ring of strength (right hand)
 t - a +3 ring of protection (left hand)
 x - an amulet of the gourmand (around neck)
Scrolls
 e - a scroll of identify
 g - 2 scrolls of teleportation
 l - 5 scrolls of remove curse
 o - a scroll of enchant armour {unknown}
 r - 4 scrolls of random uselessness {unknown}
 s - a scroll of noise {unknown}
 u - a scroll of magic mapping {unknown}
 v - a scroll of recharging {unknown}
Potions
 d - a potion of flight {unknown}
 h - a potion of brilliance {unknown}
 i - a potion of resistance {unknown}
 k - 3 potions of curing {unknown}
Comestibles
 c - a bread ration
 f - 4 meat rations
 m - 2 royal jellies
 n - 4 fruits
 w - a chunk of flesh


   Skills:
 + Level 6.0 Fighting
 + Level 6.9(8.1) Axes
 + Level 5.1(6.4) Maces & Flails
 + Level 4.1 Armour
 + Level 3.1 Dodging
 + Level 0.1 Stealth


You had 7 spell levels left.
You didn't know any spells.

Dungeon Overview and Level Annotations

Branches:
Dungeon (6/15)
 Temple: D:4-7

Altars:
Cheibriados
Dithmenos
Gozag
Okawaru
Ru
Trog
Uskayaw
Xom

Shops:
D:4 ?


Message History

* * * LOW HITPOINT WARNING * * *
The six-headed hydra bites you but does no damage.
You barely miss the six-headed hydra.
The six-headed hydra is moderately wounded.
The ogre barely misses you. The six-headed hydra barely misses you.
The six-headed hydra completely misses you.
The six-headed hydra bites you but does no damage.
The six-headed hydra closely misses you.
The six-headed hydra bites you but does no damage.
The six-headed hydra bites you.
* * * LOW HITPOINT WARNING * * *
You hit the six-headed hydra.
The six-headed hydra is moderately wounded.
Unknown command.
You sock the six-headed hydra!
The six-headed hydra is moderately wounded.
The ogre misses you.
The six-headed hydra bites you but does no damage.
The six-headed hydra bites you!
You die...

..# #.# # ### #.# # #<#
# ###.###### #.........
# #(#.###### ##. #.#.#
### ###...#########.#.#
...
......D@.%....#(#.##.# #
......O##.###.#(#....# #
.#######.............###
.........)####....
.###.###.#.#....... #
#.# #.#......... #..
#.#.#.####.# ..# ###...#
#.. ### # ###


You could see a six-headed hydra and an ogre.

Vanquished Creatures
  Edmund (D:4)
  An orc warrior (D:6)
  A centaur (D:6)
  A scorpion (D:6)
  A hound (D:4)
  A jelly (D:5)
  2 orc priests
  5 orc wizards
  A centaur skeleton (D:4)
  3 worker ants (D:5)
  A hound skeleton (D:5)
  7 gnolls
  5 adders
  A shadow imp (D:6)
  3 dart slugs
  5 leopard geckos
  16 orcs
  4 ball pythons
  9 bats
  2 giant cockroaches (D:5)
  6 goblins
  6 hobgoblins
  9 jackals
  7 quokkas
  A ball python zombie (D:5)
  3 frilled lizards
  A giant cockroach zombie (D:5)
  8 kobolds
  6 rats
117 creatures vanquished.

Vanquished Creatures (others)
  An orc wizard (D:5)
  2 orcs (D:5)
3 creatures vanquished.

Grand Total: 120 creatures vanquished

Notes
Turn   | Place    | Note
-------+----------+-------------------------------------------
     0 | D:1      | kaze the Hill Orc Berserker began the quest for the Orb.
     0 | D:1      | Reached XP level 1. HP: 19/19 MP: 1/1
   119 | D:1      | Reached XP level 2. HP: 16/27 MP: 2/2
   372 | D:1      | Reached XP level 3. HP: 3/33 MP: 3/3
  1381 | D:2      | Reached XP level 4. HP: 37/41 MP: 4/4
  1454 | D:2      | Reached ** piety under Trog
  1518 | D:3      | Reached skill level 5 in Axes
  1528 | D:3      | Found a shadowy altar of Dithmenos.
  1665 | D:3      | Reached XP level 5. HP: 21/47 MP: 5/5
  1819 | D:3      | Found a snail-covered altar of Cheibriados.
  1936 | D:3      | Found a sacrificial altar of Ru.
  1988 | D:3      | Found a hide-covered altar of Uskayaw.
  2514 | D:4      | Found a bloodstained altar of Trog.
  2552 | D:4      | Noticed Edmund
  2554 | D:4      | Found Bomiatroori's Magic Scroll Boutique.
  2577 | D:4      | Killed Edmund
  2577 | D:4      | Reached skill level 5 in Fighting
  2577 | D:4      | Reached XP level 6. HP: 26/56 MP: 6/6
  3328 | D:4      | Found an iron altar of Okawaru.
  3395 | D:5      | Entered Level 5 of the Dungeon
  3415 | D:5      | Reached skill level 1 in Maces & Flails
  3415 | D:5      | Reached XP level 7. HP: 61/61 MP: 7/7
  3430 | D:5      | Found a shimmering altar of Xom.
  3633 | D:5      | Reached *** piety under Trog
  3698 | D:5      | Found an opulent altar of Gozag.
  4444 | D:6      | Reached XP level 8. HP: 33/70 MP: 8/8
  4677 | D:6      | Reached skill level 5 in Maces & Flails
  4687 | D:6      | Noticed a six-headed hydra
  4698 | D:6      | HP: 2/105 [six-headed hydra (6)]
  4701 | D:6      | Mangled by a six-headed hydra

Skill      XL: |  1  2  3  4  5  6  7  8 |
---------------+-------------------------+-----
Fighting       | 4 5 6 |  6.0
Dodging        | 2 3 |  3.1
Axes           | 5 6 |  6.9
Armour         | 3 4 |  4.1
Maces & Flails | 1 4 5 |  5.1
Stealth        | |  0.1

Action                   |  1- 3 |  4- 6 |  7- 9 || total
-------------------------+-------+-------+-------++-------
Melee: Hand axe          |   111 |   116 |       ||   227
       Dire flail        |       |    41 |   168 ||   209
Invok: Berserk           |     1 |     4 |     3 ||     8
       Trog's Hand       |       |     1 |     2 ||     3
  Use: Scroll            |       |     3 |     3 ||     6
  Eat: Chunk             |     2 |     3 |     6 ||    11
       Bread ration      |       |     2 |       ||     2
Armor: Animal skin       |    27 |     9 |       ||    36
       Scale mail        |       |    38 |    92 ||   130
Dodge: Dodged            |    95 |   110 |   111 ||   316
